 Dungeon Crawl Stone Soup version 0.29.1-2-gbd0b4ee654 (webtiles) character file.

Game seed: 15814615935544408991

226 Ivernyr the Chiller (level 6, -1/52 HPs)
             Began as a Naga Ice Elementalist on Nov 2, 2022.
             Killed by nerve-wracking pain
             ... invoked by Grinder
              (12 damage)
             ... on level 4 of the Dungeon.
             The game lasted 00:07:33 (3137 turns).

Ivernyr the Chiller (Naga Ice Elementalist)         Turns: 3137, Time: 00:07:33

Health: -1/52      AC: 12    Str: 10    XL:     6   Next: 1%
Magic:  2/10       EV: 10    Int: 18    God:
Gold:   223        SH:  0    Dex: 11    Spells: 4/11 levels left

rFire   x . .      SeeInvis +   f - +0 whip
rCold   + . .      Faith    .   (no shield)
rNeg    . . .      Spirit   .   a - +0 robe
rPois   +          Reflect  .   q - +0 helmet
rElec   .          Harm     .   (no cloak)
rCorr   .          Rampage  .   u - +0 pair of gloves
Will    .....                   (no barding)
Stlth   ++........              (no amulet)
HPRegen 0.17/turn               j - ring of ice
MPRegen 0.12/turn               (no ring)

@: ice-armoured, freezing walls, very slow
A: AC +2, large, see invisible, deformed body, poison resistance, slowness 2,
spit poison 1, naga tail 1
a: Spit Poison


You were on level 4 of the Dungeon.
You visited 1 branch of the dungeon, and saw 4 of its levels.

You collected 223 gold pieces.

Inventory:

Hand Weapons
 f - a +0 whip (weapon)
Armour
 a - a +0 robe (worn)
 q - a +0 helmet (worn)
 u - a +0 pair of gloves (worn)
Jewellery
 j - a ring of ice (left hand)
Wands
 n - a wand of mindburst (9)
Scrolls
 c - 2 scrolls of immolation {unknown}
 d - 3 scrolls of fear {unknown}
 g - 5 scrolls of identify {unknown}
 i - a scroll of teleportation {unknown}
 m - a scroll of vulnerability {unknown}
 o - a scroll of enchant weapon {unknown}
 p - 2 scrolls of noise {unknown}
 r - a scroll of poison {unknown}
 s - a scroll of enchant armour {unknown}
 t - a scroll of silence {unknown}
 v - a scroll of blinking {unknown}
Potions
 b - a potion of magic
 e - 3 potions of curing {unknown}
 h - a potion of heal wounds {unknown}
 k - a potion of might {unknown}
 l - 2 potions of degeneration {unknown}


   Skills:
 + Level 2.2 Fighting
 + Level 2.5 Dodging
 - Level 3.0 Stealth
 + Level 3.0 Spellcasting
 * Level 5.4 Ice Magic


You had 4 spell levels left.
You knew the following spells:

 Your Spells              Type           Power      Damage    Failure   Level
a - Freeze                Ice            100%       1d11      1%          1
b - Frozen Ramparts       Ice            66%        1d10      5%          3
c - Ozocubu's Armour      Ice            33%        N/A       5%          3

Your spell library contained the following spells:

 Spells                   Type           Power      Damage    Failure   Level
 Summon Guardian Golem    Hex/Summ       2%         N/A       43%         3
 Hailstorm                Conj/Ice       18%        3d6       47%         4
 Passage of Golubria      Tloc           2%         N/A       85%         4
 Silence                  Hex/Air        1%         N/A       99%         5
 Orb of Destruction       Conj           1%         9d5       100%        7
 Spellforged Servitor     Conj/Summ      1%         N/A       100%        7
 Lehudib's Crystal Spear  Conj/Erth      1%         10d2      100%        8


Dungeon Overview and Level Annotations

Branches:
Dungeon (4/15)
 Temple: D:4-7

Altars:
Makhleb
Wu Jian

Shops:
D:1 [   D:2 (

Annotations:
D:3 2 transporters, Voland's ghost, amateur MfTm
D:4 Grinder


Innate Abilities, Weirdness & Mutations

Your serpentine skin is tough. (AC +2)
You have supernaturally acute eyesight. (SInv)
Armour fits poorly on your strangely shaped body.
Your system is resistant to poisons. (rPois)
You cover ground very slowly.
You can spit poison.
You have a snake-like lower body.


Message History

You have got your breath back.
Grinder completely resists.
The wall freezes Grinder but does no damage.
Grinder gestures at you. Pain shoots through your body!
Casting: Frozen Ramparts (dangerous; 5% risk of failure)
Confirm with . or Enter, or press ? or * to list all spells.
Okay, then.
Aiming: Spit Poison (1% risk of failure)
Press: ? - help, Shift-Dir - straight line, f - Grinder
Aim: Grinder (lightly wounded, 54% to hit)
The splash of poison misses Grinder.
Grinder completely resists.
The wall freezes Grinder but does no damage.
You barely miss Grinder.
Grinder is lightly wounded.
Grinder resists.
The wall freezes Grinder.
Grinder gestures at you. You resist with some effort.
You hit Grinder.
Grinder is lightly wounded.
Grinder resists.
The wall freezes Grinder.
Grinder hits you but does no damage.
You barely miss Grinder.
Grinder is moderately wounded.
You have got your breath back.
The wall freezes Grinder but does no damage.
Grinder blinks!
You barely miss Grinder.
Grinder is moderately wounded.
Grinder resists.
The wall freezes Grinder.
Grinder hits you but does no damage.
Grinder resists.
The wall freezes Grinder.
Grinder hits you!
* * * LOW HITPOINT WARNING * * *
You writhe in agony.
* * * LOW HITPOINT WARNING * * *
You barely miss Grinder.
Grinder is moderately wounded.
Grinder completely resists.
The wall freezes Grinder but does no damage.
Grinder gestures at you. Pain shoots through your body!
You die...

.########.# #..........
..## #.# #...# # ...# #.#
##..# .### ...# #.#
#..#####..... ...######.#
#..#......... #.........##
#.[........#. #..........#
#..#.........
#..........###.##ยง###.....
#......(.......5@.........
#..........##+####.###...
#........................#
#[######+##......#.##.....
#. ............#.# ....
....#.......#.# ... ..#
#...+####.# .. . #...+ ..<
. #...# #.#


You could see Grinder.

Vanquished Creatures
  A hound (D:4)
  An iguana (D:4)
  Ijyb (D:3)
  Robin (D:3)
  8 adders
  3 dart slugs
  5 bats
  2 endoplasms
  A giant cockroach (D:3)
  15 goblins
  6 hobgoblins
  4 quokkas
  7 frilled lizards
  4 kobolds
  3 rats (D:1)
62 creatures vanquished.

Notes
Turn   | Place    | Note
-------+----------+-------------------------------------------
     0 | D:1      | Ivernyr the Naga Ice Elementalist began the quest for the
                  | Orb.
     0 | D:1      | Reached XP level 1. HP: 15/15 MP: 3/3
    19 | D:1      | Found Biuzabiu's Armour Boutique.
   230 | D:1      | Reached XP level 2. HP: 24/24 MP: 5/5
   368 | D:1      | Reached XP level 3. HP: 30/30 MP: 2/6
   396 | D:1      | Learned a level 3 spell: Frozen Ramparts
   758 | D:2      | Reached skill level 1 in Fighting
   840 | D:2      | Found an ornate altar of the Wu Jian Council.
   898 | D:2      | Reached XP level 4. HP: 35/38 MP: 2/7
  1030 | D:2      | Learned a level 3 spell: Ozocubu's Armour
  1139 | D:2      | Found a faded altar of an unknown god.
  1298 | D:2      | Found Wafyos's Weapon Emporium.
  1706 | D:3      | Noticed Ijyb
  1714 | D:3      | Killed Ijyb
  1715 | D:3      | Reached skill level 5 in Ice Magic
  1715 | D:3      | Reached XP level 5. HP: 18/45 MP: 2/9
  2034 | D:3      | Noticed Robin
  2061 | D:3      | Killed Robin
  2251 | D:3      | Noticed an ogre
  2254 | D:3      | Noticed Voland's ghost (amateur MfTm)
  2255 | D:3      | Found a transporter.
  2257 | D:3      | Noticed an ogre
  2402 | D:3      | Found a transporter.
  2689 | D:3      | Found a burning altar of Makhleb.
  2695 | D:3      | Identified the +0 robe "Qolax" {rPois Will+ MP-9}
  2864 | D:4      | Reached XP level 6. HP: 34/52 MP: 5/10
  3095 | D:4      | Noticed Grinder
  3109 | D:4      | Paralysed by Grinder for 5 turns
  3137 | D:4      | Killed from afar by Grinder

Illustrated notes

Levels and vault maps discovered:
D:1:      lemuel_arrival_lava_pool, layout_basic, serial_shops,
          nicolae_shop_stone
D:2:      layout_basic, serial_shops, shop, basic_ecumenical_altar, basic_altar
D:3:      layout_loops_ring, bloody_makhleb, gammafunk_ghost_smash,
          kennysheep_nub, hex_tiny, kennysheep_crisscross, grunt_decor_fettered,
          nicolae_hexahallways, corexii_item_surrounded_by_moat,
          minmay_misc_feat_doors, uniq_ijyb, uniq_robin
D:4:      layout_basic, mainiacjoe_overflow_boulevard, uniq_grinder

Skill      XL: |  1  2  3  4  5 |
---------------+----------------+-----
Fighting       | 1 2 |  2.2
Dodging        | 2 |  2.5
Ice Magic      | 5 |  5.4
Spellcasting   | 3 |  3.0
Stealth        | |  3.0

Action                   |  1- 3 |  4- 6 || total
-------------------------+-------+-------++-------
Melee: Unarmed           |     7 |       ||     7
       Whip              |     4 |    12 ||    16
 Cast: Freeze            |    24 |    29 ||    53
       Frozen Ramparts   |       |     5 ||     5
       Ozocubu's Armour  |       |     2 ||     2
 Abil: Spit Poison       |    13 |    16 ||    29
 Stab: Sleeping          |     1 |       ||     1
Armor: Robe              |     5 |    13 ||    18
Dodge: Dodged            |    11 |     8 ||    19
